 Dungeon Crawl Stone Soup version 0.19-a0-1201-gda63bca (webtiles) character file.

3863 inmateoo the Carver (level 9, -11/68 HPs)
             Began as a Mummy Fighter on Aug 21, 2016.
             Was an Initiate of Gozag.
             Mangled by a manticore (20 damage)
             ... on level 8 of the Dungeon.
             The game lasted 00:14:28 (7990 turns).

inmateoo the Carver (Mummy Fighter)                 Turns: 7990, Time: 00:14:30

Health: -11/68     AC: 13    Str: 22    XL:     9   Next: 99%
Magic:  13/13      EV:  9    Int:  7    God:    Gozag
Gold:   326        SH:  9    Dex: 12    Spells: 2 memorised, 10 levels left

rFire  x . .     SeeInvis .     a - +0 long sword
rCold  + . .     Gourm    .     b - +0 scale mail
rNeg   + + +     Faith    .     c - +0 shield
rPois  ∞         Spirit   .     j - +0 helmet
rElec  .         Dismiss  .     (no cloak)
rCorr  .         Reflect  .     (no gloves)
MR     +....     Harm     .     (no boots)
Stlth  ..........               (no amulet)
                                o - +5 ring of protection
                                (no ring)

@: manticore barbs
A: no food or potions, fire vulnerability, cold resistance 1, negative energy
resistance 3, torment resistance, unbreathing
a: Potion Petition, Call Merchant, Bribe Branch, Renounce Religion


You were on level 8 of the Dungeon.
You worshipped Gozag.
Gozag was aware of your devotion.
You were not hungry.

You visited 2 branches of the dungeon, and saw 9 of its levels.
You also visited: Sewer.

You collected 446 gold pieces.
You paid 120 gold pieces to Gozag.

Inventory:

Hand Weapons
 a - a +0 long sword (weapon)
 f - a +0 dagger of freezing
Armour
 b - a +0 scale mail (worn)
 c - a +0 shield (worn)
 j - a +0 helmet (worn)
Jewellery
 o - a +5 ring of protection (right hand)
Scrolls
 d - 8 scrolls of identify
 e - 2 scrolls of recharging
 g - 3 scrolls of remove curse
 h - 2 scrolls of immolation
 k - a scroll of enchant weapon {unknown}
 l - 4 scrolls of teleportation
Books
 i - a book of Power

   Spells                             Type                      Level
   a - Fulminant Prism                Conjuration/Hexes            4
   b - Iskenderun's Mystic Blast      Conjuration                  4
   c - Venom Bolt                     Conjuration/Poison           5
   d - Bolt of Magma                  Conjuration/Fire/Earth       5
   e - Iron Shot                      Conjuration/Earth            6
   f - Orb of Destruction             Conjuration                  7
   g - Spellforged Servitor           Conjuration/Summoning        7
 n - a book of Air

   Spells                             Type                      Level
   a - Shock                          Conjuration/Air              1
   b - Swiftness                      Charms/Air                   2
   c - Repel Missiles                 Charms/Air                   2
   d - Static Discharge               Conjuration/Air              3
   e - Lightning Bolt                 Conjuration/Air              5


   Skills:
 + Level 5.1 Fighting
 * Level 9.4 Long Blades
 + Level 4.0 Armour
 + Level 2.9 Dodging
 + Level 4.0 Shields
 + Level 3.0 Spellcasting
 + Level 2.6 Air Magic


You had 10 spell levels left.
You knew the following spells:

 Your Spells              Type           Power        Failure   Level  Hunger
a - Repel Missiles        Chrm/Air       #.....       100%        2    N/A
b - Swiftness             Chrm/Air       #.......     100%        2    N/A

Dungeon Overview and Level Annotations

Branches:
Dungeon (8/15)             Temple (1/1) D:7
   Lair: D:8-11

Altars:
Ashenzari
Cheibriados
Dithmenos
Elyvilon
Fedhas
Gozag
Hepliaklqana
Kikubaaqudgha
Makhleb
Nemelex Xobeh
Okawaru
Qazlal
Ru
Sif Muna
Trog
Uskayaw
Vehumet
Xom
Yredelemnul
Zin
The Shining One

Annotations:
D:7 crawlian's ghost, novice DEFE


Innate Abilities, Weirdness & Mutations

You do not eat or drink.
Your flesh is vulnerable to fire.
You are immune to poison.
Your flesh is cold resistant. (rC+)
You are immune to negative energy. (rN+++)
You are immune to unholy pain and torment.
You can survive without breathing.


Message History

The manticore is moderately wounded.
The manticore bites you! The manticore closely misses you.
The manticore claws you. You block the manticore's attack.
The manticore closely misses you.
The manticore claws you but does no damage.
You hit the manticore.
The manticore is heavily wounded.
You hit the manticore.
The manticore is heavily wounded.
The manticore barely misses you.
You riposte.
You hit the manticore.
The manticore is severely wounded.
The manticore claws you. x2
* * * LOW HITPOINT WARNING * * *
You hit the manticore but do no damage.
The manticore is severely wounded.
The manticore bites you!
* * * LOW HITPOINT WARNING * * *
You block the manticore's attack. x2; The manticore bites you!!
You die...
Your body crumbles into a pile of gold.

############ #
#..........# ...
#.########.###
##...######.............
......H@....######.#.###
.#...######.# #.#.# # ##
#.# # #.### #.# #....
#.# ## ##### ... .. ###
### .###..# .#.#.##
>..#######.#....


You could see a manticore.

Vanquished Creatures
  Pikel (D:7)
  The ghost of McCoppin the Covert, a novice OpGl (D:4)
  Grinder (D:3)
  A hog (D:7)
  A hippogriff (D:7)
  A hungry ghost (D:8)
  A human (D:7)
  4 sky beasts
  A phantom (D:6)
  An ogre (D:5)
  2 centaurs
  3 giant frogs
  Blork the orc (D:4)
  A wyvern skeleton (D:7)
  3 scorpions
  5 wights (D:6)
  3 howler monkeys
  2 crimson imps
  A quasit (D:6)
  A hound (D:5)
  3 orc wizards
  An orc priest (D:4)
  A centaur skeleton (D:6)
  3 iguanas
  Terence (D:2)
  4 worker ants
  A killer bee zombie (D:7)
  3 sheep (D:7)
  2 hound zombies
  Robin (D:3)
  A gnoll (D:3)
  9 adders
  2 river rats (D:4)
  3 shadow imps
  14 oozes
  An adder zombie (D:5)
  6 worms
  3 dart slugs
  12 giant geckos
  10 orcs
  3 bats
  17 giant cockroaches
  15 goblins
  7 hobgoblins
  6 jackals
  9 kobolds
  2 quokkas
  14 ball pythons
  A giant gecko skeleton (D:5)
  13 giant newts
  10 rats
213 creatures vanquished.

Notes
Turn   | Place    | Note
-------+----------+-------------------------------------------
     0 | D:1      | inmateoo the Mummy Fighter began the quest for the Orb.
     0 | D:1      | Reached XP level 1. HP: 18/18 MP: 1/1
    64 | D:1      | Reached skill level 2 in Long Blades
    67 | D:1      | Reached XP level 2. HP: 19/24 MP: 2/2
   606 | D:1      | Reached XP level 3. HP: 29/29 MP: 3/3
   791 | D:2      | Reached skill level 3 in Long Blades
  1308 | D:2      | Noticed Terence
  1326 | D:2      | Killed Terence
  1326 | D:2      | Reached XP level 4. HP: 26/35 MP: 4/4
  1626 | D:3      | Noticed Robin
  1659 | D:3      | Reached skill level 4 in Long Blades
  1678 | D:3      | Killed Robin
  1760 | D:3      | Noticed Grinder
  1766 | D:3      | Paralysed by Grinder for 3 turns
  2028 | D:3      | Reached XP level 5. HP: 41/41 MP: 5/5
  2279 | D:3      | Paralysed by Grinder for 6 turns
  2331 | D:3      | Paralysed by Grinder for 3 turns
  2344 | D:3      | Killed Grinder
  2344 | D:3      | Reached skill level 5 in Long Blades
  2344 | D:3      | Reached XP level 6. HP: 27/47 MP: 6/6
  3075 | D:3      | Reached skill level 6 in Long Blades
  3244 | D:4      | Reached XP level 7. HP: 33/52 MP: 7/7
  3263 | D:4      | Found a glowing drain.
  3267 | D:4      | Noticed McCoppin's ghost (novice OpGl)
  3268 | D:4      | Noticed Blork the orc
  3272 | Sewer    | Entered a sewer
  3796 | Sewer    | Reached skill level 7 in Long Blades
  4011 | D:4      | Killed McCoppin's ghost
  4106 | D:4      | Reached skill level 8 in Long Blades
  4106 | D:4      | Reached XP level 8. HP: 30/58 MP: 8/8
  4497 | D:4      | Killed Blork the orc
  4770 | D:5      | Entered Level 5 of the Dungeon
  4816 | D:5      | Reached skill level 1 in Dodging
  4915 | D:5      | Learned a level 2 spell: Repel Missiles
  4918 | D:5      | Learned a level 2 spell: Swiftness
  5783 | D:6      | Reached skill level 1 in Spellcasting
  5783 | D:6      | Reached skill level 1 in Air Magic
  6076 | D:6      | Reached XP level 9. HP: 60/65 MP: 11/11
  6711 | D:7      | Found a staircase to the Ecumenical Temple.
  6959 | D:6      | Reached skill level 9 in Long Blades
  7033 | Temple   | Entered the Ecumenical Temple
  7090 | Temple   | Became a worshipper of Gozag Ym Sagoz the Greedy
  7170 | D:7      | Noticed crawlian's ghost (novice DEFE)
  7645 | D:7      | Noticed Pikel
  7671 | D:7      | Killed Pikel
  7671 | D:7      | Reached skill level 5 in Fighting
  7977 | D:8      | Noticed a manticore
  7990 | D:8      | Mangled by a manticore

Vault maps used:
D:1:      co_arrival_square_in_a_square_in_a_square
D:2:      uniq_terence
D:3:      first_bread, kennysheep_generic_room_15, uniq_grinder, uniq_robin
D:4:      portal_sewer_entry_b, uniq_blork_the_orc
D:6:      minmay_misc_feat_alley
D:7:      serial_shops, shop, hex_intersection, grunt_livestock, uniq_pikel
D:8:      david_lair_shrubbed, serial_shops, shop
Temple:   compressed_dpeg_circular_temple
Sewer:    sewer_frog_island_02

Skill      XL: |  1  2  3  4  5  6  7  8  9 |
---------------+----------------------------+-----
Long Blades    | 2 3 4 5 6 8 9 |  9.4
Dodging        | 1 2 |  2.9
Armour         | 3 4 |  4.0
Shields        | 3 4 |  4.0
Spellcasting   | 1 3 |  3.0
Air Magic      | 1 2 |  2.6
Fighting       | 4 5 |  5.1

Action                   |  1- 3 |  4- 6 |  7- 9 || total
-------------------------+-------+-------+-------++-------
Melee: Long sword        |   141 |   220 |   800 ||  1161
  Use: Scroll            |       |     5 |     5 ||    10
 Stab: Distracted        |       |     1 |     1 ||     2
Armor: Scale mail        |    48 |    76 |   342 ||   466
Dodge: Dodged            |    34 |    56 |   203 ||   293
Block: Shield            |    56 |    96 |   337 ||   489
